Workbook

Sheet Page 1
A1: Budgeted Item | C1: Sub-Total | D1: TOTAL | E1: Actually Spent | F1: % of Take-Home Pay
A2: CHARITABLE GIFTS | C2: 0 | D2: =C2 -> 0 | E2: 0 | F2: =DIVIDE(D2,IF('Page 3'!D31=0,1,'Page 3'!D31)) -> #NAME? | G2: =DIVIDE(E2,IF('Page 3'!D31=0,1,'Page 3'!D31)) -> #NAME?
A3: SAVING
B4: Emergency Fund | C4: 0 | E4: 0
B5: Retirement Fund | C5: 0 | E5: 0
B6: College Fund | C6: 0 | D6: =SUM(C4:C6) -> 0 | E6: 0 | F6: =DIVIDE(D6,IF('Page 3'!D31=0,1,'Page 3'!D31)) -> #NAME? | G6: =DIVIDE(SUM(E4:E6),IF('Page 3'!D31=0,1,'Page 3'!D31)) -> #NAME?
A7: HOUSING
B8: First Mortgage | C8: 0 | E8: 0
B9: Second Mortgage | C9: 0 | E9: 0
B10: Real-Estate Taxes | C10: 0 | E10: 0
B11: Homeowner's Ins. | C11: 0 | E11: 0
B12: Repairs or Mn. Fee | C12: 0 | E12: 0
B13: Replace Furniture | C13: 0 | E13: 0
B14: Other | C14: 0 | D14: =SUM(C8:C14) -> 0 | E14: 0 | F14: =DIVIDE(D14,IF('Page 3'!D31=0,1,'Page 3'!D31)) -> #NAME? | G14: =DIVIDE(SUM(E8:E14),IF('Page 3'!D31=0,1,'Page 3'!D31)) -> #NAME?
A15: UTILITIES
B16: Electricity | C16: 0 | E16: 0
B17: Water | C17: 0 | E17: 0
B18: Gas | C18: 0 | E18: 0
B19: Phone | C19: 0 | E19: 0
B20: Trash | C20: 0 | E20: 0
B21: Cable | C21: 0 | D21: =SUM(C16:C21) -> 0 | E21: 0 | F21: =DIVIDE(D21,IF('Page 3'!D31=0,1,'Page 3'!D31)) -> #NAME? | G21: =DIVIDE(SUM(E16:E21),IF('Page 3'!D31=0,1,'Page 3'!D31)) -> #NAME?
A22: *FOOD
B23: *Grocery | C23: 0 | E23: 0
B24: *Restaurants | C24: 0 | D24: =SUM(C23:C24) -> 0 | E24: 0 | F24: =DIVIDE(D24,IF('Page 3'!D31=0,1,'Page 3'!D31)) -> #NAME? | G24: =DIVIDE(SUM(E23:E24),IF('Page 3'!D31=0,1,'Page 3'!D31)) -> #NAME?
A25: TRANSPORTATION
B26: Car Payment | C26: 0 | E26: 0
B27: Car Payment | C27: 0 | E27: 0
B28: *Gas and Oil | C28: 0 | E28: 0
B29: *Repairs and Tires | C29: 0 | E29: 0
B30: Car Insurance | C30: 0 | E30: 0
B31: License and Taxes | C31: 0 | E31: 0
B32: Car Replacement | C32: 0 | D32: =SUM(C26:C32) -> 0 | E32: 0 | F32: =DIVIDE(D32,IF('Page 3'!D31=0,1,'Page 3'!D31)) -> #NAME? | G32: =DIVIDE(SUM(E26:E32),IF('Page 3'!D31=0,1,'Page 3'!D31)) -> #NAME?
A34: PAGE 1 TOTAL | D34: =SUM(D32,D24,D21,D14,D6,D2) -> 0 | E34: =SUM(E26:E32,E23:E24,E16:E21,E8:E14,E4:E6,E2) -> 0

Sheet Page 2
A1: Budgeted Item | C1: Sub-Total | D1: TOTAL | E1: Actually Spent | F1: % of Take-Home Pay
A2: *CLOTHING
B3: *Children | C3: 0 | E3: 0
B4: *Adults | C4: 0 | E4: 0
B5: *Cleaning/Laundry | C5: 0 | D5: =SUM(C3:C5) -> 0 | E5: 0 | F5: =DIVIDE(D5,IF('Page 3'!D31=0,1,'Page 3'!D31)) -> #NAME? | G5: =DIVIDE(SUM(E3:E5),IF('Page 3'!D31=0,1,'Page 3'!D31)) -> #NAME?
A6: MEDICAL/HEALTH
B7: Disability Insurance | C7: 0 | E7: 0
B8: Health Insurance | C8: 0 | E8: 0
B9: Doctor | C9: 0 | E9: 0
B10: Dentist | C10: 0 | E10: 0
B11: Optometrist | C11: 0 | E11: 0
B12: Drugs | C12: 0 | D12: =SUM(C7:C12) -> 0 | E12: 0 | F12: =DIVIDE(D12,IF('Page 3'!D31=0,1,'Page 3'!D31)) -> #NAME? | G12: =DIVIDE(SUM(E7:E12),IF('Page 3'!D31=0,1,'Page 3'!D31)) -> #NAME?
A13: PERSONAL
B14: Life Insurance | C14: 0 | E14: 0
B15: Child Care | C15: 0 | E15: 0
B16: *Babysitter | C16: 0 | E16: 0
B17: *Toiletries | C17: 0 | E17: 0
B18: *Cosmetics | C18: 0 | E18: 0
B19: *Hair Care | C19: 0 | E19: 0
B20: Education/Adult | C20: 0 | E20: 0
B21: School Tuition | C21: 0 | E21: 0
B22: School Supplies | C22: 0 | E22: 0
B23: Child Support | C23: 0 | E23: 0
B24: Alimony | C24: 0 | E24: 0
B25: Subscriptions | C25: 0 | E25: 0
... B28: Miscellaneous | C28: 0 | E28: 0
B29: *BLOW | C29: 0 | D29: =SUM(C14:C29) -> 0 | E29: 0 | F29: =DIVIDE(D29,IF('Page 3'!D31=0,1,'Page 3'!D31)) -> #NAME? | G29: =DIVIDE(SUM(E14:E29),IF('Page 3'!D31=0,1,'Page 3'!D31)) -> #NAME?
A31: PAGE 2 TOTAL | D31: =SUM(D29,D12,D5) -> 0 | E31: =SUM(E14:E29,E7:E12,E3:E5) -> 0

Sheet Page 3
A1: Budgeted Item | C1: Sub-Total | D1: TOTAL | E1: Actually Spent | F1: % of Take-Home Pay
A2: RECREATION
B3: *Entertainment | C3: 0 | E3: 0
B4: Vacation | C4: 0 | D4: =SUM(C3:C4) -> 0 | E4: 0 | F4: =DIVIDE(D4,IF(D31=0,1,D31)) -> #NAME? | G4: =DIVIDE(E4,IF(D31=0,1,D31)) -> #NAME?
A5: DEBT (Hopefully -0-)
B6: Visa 1 | C6: 0 | E6: 0
B7: Visa 2 | C7: 0 | E7: 0 | I7: SOURCES OF INCOME
B8: MasterCard 1 | C8: 0 | E8: 0 | I8: AMOUNT | J8: FROM
B9: MasterCard 2 | C9: 0 | E9: 0
B10: American Express | C10: 0 | E10: 0
B11: Discover Card | C11: 0 | E11: 0
B12: Gas Card 1 | C12: 0 | E12: 0
B13: Gas Card 2 | C13: 0 | E13: 0
B14: Dept. Store Card 1 | C14: 0 | E14: 0
B15: Dept. Store Card 2 | C15: 0 | E15: 0
B16: Finance Co. 1 | C16: 0 | E16: 0
B17: Finance Co. 2 | C17: 0 | E17: 0
B18: Credit Line | C18: 0 | E18: 0
B19: Student Loan 1 | C19: 0 | E19: 0
B20: Student Loan 2 | C20: 0 | E20: 0
... B24: Other | C24: 0 | E24: 0
B25: Other | C25: 0 | D25: =SUM(C6:C25) -> 0 | E25: 0 | F25: =DIVIDE(D25,IF(D31=0,1,D31)) -> #NAME? | G25: =DIVIDE(SUM(E6:E25),IF(D31=0,1,D31)) -> #NAME?
A27: PAGE 3 TOTAL | D27: =SUM(D25,D4) -> 0 | E27: =SUM(E6:E25,E3:E4) -> 0
A28: PAGE 2 TOTAL | D28: ='Page 2'!D31 -> 0 | E28: ='Page 2'!E31 -> 0
A29: PAGE 1 TOTAL | D29: ='Page 1'!D34 -> 0 | E29: ='Page 1'!E34 -> 0
A30: GRAND TOTAL | D30: =SUM(D27:D29) -> 0 | E30: =SUM(E27:E29) -> 0
A31: TOTAL HOUSEHOLD INCOME | D31: =SUM(I9:I19) -> 0
B32: This line should be zero | D32: =MINUS(D31,D30) -> #NAME? | E32: =MINUS(D31,E30) -> #NAME?
